 Dungeon Crawl Stone Soup version 0.31.0-9-g3a7656b989 (webtiles) character file.

Game seed: 9222570345724268413

34 qw the Shooter (level 3, -1/20 HPs)
             Began as a Deep Elf Hunter on Feb 2, 2024.
             Slain by an adder (2 damage)
             ... on level 2 of the Dungeon.
             The game lasted 00:00:03 (1096 turns).

qw the Shooter (Deep Elf Hunter)                    Turns: 1096, Time: 00:00:03

Health: -1/20      AC:  3    Str: 10    XL:     3   Next: 14%
Magic:  5/5        EV: 12    Int: 13    God:
Gold:   90         SH:  0    Dex: 18    Spells: 2/2 levels left

rFire   . . .        a - +1 shortbow
rCold   . . .        (shield currently unavailable)
rNeg    . . .        c - +0 leather armour
rPois   .            (no helmet)
rElec   .            (no cloak)
rCorr   .            (no gloves)
SInv    .            (no boots)
Will    .....        (no amulet)
Stlth   ++           (no ring)
HPRegen 0.23/turn    (no ring)
MPRegen 0.09/turn

%: no passive effects
@: about to teleport
A: no striking features
a: no special abilities


You were on level 2 of the Dungeon.
You visited 1 branch of the dungeon, and saw 2 of its levels.

You collected 90 gold pieces.


   Skills:
 - Level 1.5 Fighting
 + Level 6.7 Ranged Weapons
 - Level 2.4 Dodging
 - Level 1.2 Stealth


You had 2 spell levels left.
You didn't know any spells.
Your spell library was empty.

Inventory:

Hand Weapons
 a - a +1 shortbow (weapon)
Armour
 b - a +0 ring mail
 c - a +0 leather armour (worn)
Potions
 d - a potion of haste {unknown}
 e - a potion of enlightenment {unknown}
 i - a potion of curing
 j - 2 potions of lignification {unknown}
 l - a potion of magic {unknown}

Dungeon Overview and Level Annotations

Branches:
Dungeon (2/15)

Altars:


Message History

a +0 dagger; a kobold corpse
Found a dagger.
An adder comes into view.
The adder hisses angrily.
The adder moves out of view.
You shoot an arrow.
The arrow hits the adder but does no damage.
You shoot an arrow. The arrow misses the adder.
The adder bites you but does no damage. The adder bites you.
You shoot an arrow.
The arrow hits the adder but does no damage.
The adder bites you.
You shoot an arrow. The arrow hits the adder!
The adder is severely wounded.
The adder misses you. The adder closely misses you.
You shoot an arrow.
The arrow hits the adder but does no damage.
The adder is severely wounded.
The adder bites you.
You are poisoned.
The adder poisons you!
You shoot an arrow. The arrow misses the adder.
You feel sick. The adder bites you.
You shoot an arrow. The arrow barely misses the adder.
You feel sick. The adder bites you. The adder bites you but does no damage.
You shoot an arrow. The arrow closely misses the adder.
You feel sick. The adder bites you.
1094 ||| READING scroll of teleportation.
As you read the scroll of teleportation, it crumbles to dust.
You feel strangely unstable.
You feel sick. The adder completely misses you. The adder bites you.
You shoot an arrow.
The arrow hits the adder but does no damage.
The adder is severely wounded.
You feel sick.
You are no longer poisoned.
The adder barely misses you.
You shoot an arrow. The arrow barely misses the adder.
The adder bites you but does no damage. The adder bites you.
You die...

.......# #.#.#....
...##.## #........
...##.# . #...#...#
...##.######
#.####...#...#
...##......######
#............#
##########......#
.............# ######.##
.......<....## #..#
.......#....# ##@#
............#
......S..#..............
.......#.?###...#.......
....... ....>.###.......
....... ###### #.......
....... #....... .......
#.(..... .######


You could see an adder.

Vanquished Creatures
  A ribbon worm (D:2)
  3 endoplasms (D:1)
  A giant cockroach (D:2)
  3 goblins
  A hobgoblin (D:2)
  4 jackals (D:1)
  A quokka (D:1)
  4 bats
  3 frilled lizards
  5 kobolds
  4 rats (D:1)
30 creatures vanquished.

Notes
Turn   | Place    | Note
-------+----------+-------------------------------------------
     0 | D:1      | qw the Deep Elf Hunter began the quest for the Orb.
     0 | D:1      | Reached XP level 1. HP: 12/12 MP: 3/3
     0 | D:1      | 0 ||| qw: Version: 0.3-a-155-g5e7d8dd
     0 | D:1      | 0 ||| qw: Game counter: 394
     0 | D:1      | 0 ||| qw: Melee chars always use a shield: true
     0 | D:1      | 0 ||| qw: God list: Okawaru
     0 | D:1      | 0 ||| qw: Allow faded altars: false
     0 | D:1      | 0 ||| qw: Do Orc after clearing Dungeon:15 true
     0 | D:1      | 0 ||| qw: Do second Lair branch before Depths: true
     0 | D:1      | 0 ||| qw: Lair rune preference: random
     0 | D:1      | 0 ||| qw: Goals: Normal
     0 | D:1      | 0 ||| PLANNING D:1-11
   248 | D:1      | Reached XP level 2. HP: 16/16 MP: 4/4
   296 | D:1      | Reached skill level 6 in Ranged Weapons
   773 | D:1      | 773 ||| READING scroll labelled KAPHECHUDU.
   773 | D:1      | 773 ||| ENCHANTING +0 shortbow.
   774 | D:1      | 774 ||| READING scroll labelled SEILEI YKID.
   774 | D:1      | 774 ||| IDENTIFYING sedimented amethyst potion
   775 | D:1      | 775 ||| READING 2 scrolls labelled SAHIECE NEZI.
   778 | D:1      | 778 ||| READING scroll labelled REEFOW OQIEHUCZISU.
   778 | D:1      | 778 ||| ENCHANTING +1 shortbow.
   779 | D:1      | 779 ||| READING 2 scrolls labelled FOYHYG ZULL.
   780 | D:1      | 780 ||| READING scroll labelled GUEQASTRIEG.
   781 | D:1      | 781 ||| DROPPING scroll of butterflies.
   782 | D:1      | 782 ||| DROPPING scroll of noise.
   956 | D:2      | Reached XP level 3. HP: 20/20 MP: 5/5
  1093 | D:2      | HP: 5/20 [poisoned by an adder]
  1094 | D:2      | 1094 ||| READING scroll of teleportation.
  1094 | D:2      | HP: 2/20 [adder (1)]
  1096 | D:2      | Slain by an adder

Levels and vault maps discovered:
D:1:      giann_wishing_wells, layout_loops_corners
D:2:      layout_basic, lemuel_flame_loot_1

Skill      XL: |  1  2 |
---------------+-------+-----
Ranged Weapons | 6 |  6.7
Fighting       | |  1.5
Dodging        | |  2.4
Stealth        | |  1.2

Action                     || total
---------------------------++-------
   Fire: Shortbow          ||    80
    Use: Scroll            ||     7
 Armour: Leather armour    ||    17
  Dodge: Dodged            ||    13

Table legend:
 A = Non-vault XP
 B = Vault XP
 C = Vault XP percentage of total XP
 D = Non-vault monster count
 E = Vault monster count
 F = Vault count percentage of total count
                 A         B        C        D         E       F
            +---------+---------+-------+---------+---------+-------
      Total |      49 |       0 |   0.0 |      30 |       0 |   0.0
            +---------+---------+-------+---------+---------+-------
        D:1 |      34 |       0 |   0.0 |      22 |       0 |   0.0
        D:2 |      15 |       0 |   0.0 |       8 |       0 |   0.0
            +---------+---------+-------+---------+---------+-------
